Map: Jagannatha LE

Players

Nina

  • Race: Protoss Protoss

Namshar - Winner!

  • Race: Zerg Zerg

Event: DreamHack SC2 Masters 2021 Fall

VOD

Have the link to the VOD?

Description

Time

  • Played on: Aug. 3, 2021, 5:04 p.m.
  • Length: 17:34

All games in this series

Show
View Real Time Build Order
Export as new Build Order

Nina Protoss 

Build Orders: 1 Gate Expand 

Get SALT Encoding   

  12  0:00  Probe  
  13  0:12  Probe  
  14  0:19  Pylon  
  14  0:24  Probe  
  15  0:37  Probe (Chrono Boost)  
  15  0:38  Gateway  
  16  0:48  Probe (Chrono Boost)  
  17  0:50  Assimilator  
  17  0:53  Probe (Chrono Boost)  
  18  1:04  Probe  
  19  1:16  Probe  
  20  1:26  Nexus  
  20  1:36  Cybernetics Core  
  20  1:39  Probe  
  21  1:48  Pylon  
  21  1:51  Probe  
  22  1:54  Assimilator  
  22  2:05  Probe (Chrono Boost)  
  23  2:13  Adept  
  25  2:17  Probe (Chrono Boost)  
  26  2:22  Stargate  
  26  2:25  Probe (Chrono Boost)  
  27  2:31  Probe (Chrono Boost)  
  27  2:34  Warp Gate  
  28  2:40  Probe (Chrono Boost)  
  28  2:43  Probe (Chrono Boost)  
  30  2:44  Adept  
  30  2:48  Probe (Chrono Boost)  
  30  2:49  Probe (Chrono Boost)  
  34  2:53  Probe (Chrono Boost)  
  34  2:55  Pylon  
  35  2:59  Probe  
  35  3:03  Void Ray (Chrono Boost)  
  35  3:05  Probe  
  41  3:13  Probe  
  42  3:21  Probe  
  42  3:22  Adept  
  42  3:25  Probe  
  46  3:31  Gateway  
  46  3:33  Probe  
  47  3:35  Twilight Council  
  47  3:37  Probe  
  48  3:45  Probe  
  48  3:46  Gateway  
  49  3:49  Probe  
  49  3:55  Pylon  
  50  3:58  Probe  
  50  4:02  Probe  
  52  4:04  Pylon  
  52  4:06  Resonating Glaives (Chrono Boost)  
  52  4:11  Nexus  
  52  4:19  Probe  
  52  4:21  Probe  
  52  4:23  Adept  
  56  4:25  Adept  
  56  4:31  Robotics Facility, Probe  
  59  4:35  Assimilator  
  60  4:39  Pylon  
  60  4:40  Assimilator  
  60  4:44  Probe  
  60  4:45  Adept  
  63  4:46  Adept  
  63  4:48  Adept  
  63  4:50  Probe  
  67  4:56  Probe  
  68  5:02  Pylon  
  68  5:03  Probe  
  68  5:05  Adept  
  71  5:08  Adept x2  
  71  5:10  Probe  
  76  5:15  Probe  
  78  5:22  Probe  
  78  5:24  Shield Battery  
  78  5:25  Shield Battery  
  78  5:28  Shield Battery, Adept x2  
  78  5:29  Adept  
  84  5:37  Immortal (Chrono Boost)  
  88  5:43  Shield Battery  
  88  5:44  Probe  
  89  5:50  Adept x2  
  89  5:51  Adept  
  96  5:59  Shield Battery  
  95  6:04  Gateway  
  95  6:05  Gateway  
  95  6:11  Immortal (Chrono Boost)  
  95  6:13  Adept  
  95  6:17  Stalker  
  99  6:19  Stalker  
  99  6:21  Void Ray  
  93  6:36  Adept  
  87  6:43  Stalker x2  
  87  6:46  Immortal (Chrono Boost)  
  84  6:58  Adept, Gateway  
  84  7:00  Void Ray  
  86  7:01  Adept x2  
  86  7:04  Shield Battery  
  86  7:08  Probe x3  
  96  7:10  Sentry x2  
  101  7:16  Pylon  
  101  7:22  Blink  
  101  7:24  Pylon  
  101  7:25  Pylon  
  101  7:30  Pylon  
  101  7:34  Probe (Chrono Boost)  
  101  7:35  Observer, Probe x2 (Chrono Boost)  
  105  7:37  Sentry x2  
  105  7:38  Pylon  
  109  7:46  Probe x3 (Chrono Boost)  
  109  7:51  Probe x3 (Chrono Boost), Robotics Bay  
  112  7:52  Forge  
  112  7:53  Assimilator x2  
  115  8:01  Pylon, Probe x2  
  115  8:02  Probe  
  114  8:10  Gateway  
  114  8:11  Gateway  
  114  8:13  Probe  
  114  8:18  Stalker x2  
  119  8:23  Nexus  
  119  8:28  Stalker x2  
  119  8:29  Sentry  
  125  8:34  Protoss Ground Weapons Level 1  
  125  8:35  Dark Shrine  
  125  8:37  Shield Battery  
  125  8:40  Zealot  
  127  8:42  Disruptor (Chrono Boost), Zealot  
  132  8:54  Pylon  
  132  8:55  Stalker x2  
  136  9:08  Stalker x2  
  138  9:10  Disruptor (Chrono Boost)  
  138  9:12  Stalker x3  
  147  9:22  Sentry  
  149  9:28  Nexus  
  138  9:31  Stalker x4  
  136  9:45  Disruptor (Chrono Boost), Stalker x3  
  139  9:55  Zealot  
  139  10:05  Dark Templar  
  124  10:14  Zealot x4  
  135  10:25  Dark Templar x2  
  135  10:26  Zealot  
  124  10:33  Probe  
  123  10:40  Pylon  
  123  10:41  Disruptor (Chrono Boost)  
  123  10:42  Pylon  
  123  10:43  Probe  
  123  10:44  Probe  
  123  10:46  Pylon, Cybernetics Core  
  123  10:47  Pylon  
  123  10:49  Pylon  
  125  10:51  Protoss Ground Weapons Level 2  
  125  10:55  Observer  
  125  11:01  Templar Archives, Gateway  
  125  11:04  Gateway, Zealot x4  
  125  11:05  Dark Templar x2  
  125  11:08  Probe  
  138  11:11  Photon Cannon  
  138  11:13  Photon Cannon, Colossus (Chrono Boost)  
  144  11:18  Probe  
  144  11:19  Observer, Probe x2  
  147  11:29  Dark Templar, Shield Battery  
  147  11:32  Dark Templar  
  151  11:33  Photon Cannon  
  151  11:35  Archon  
  151  11:42  Psionic Storm  
  151  11:52  Archon  
  151  11:53  Zealot x4  
  159  11:54  Charge (Chrono Boost)  
  159  11:56  Assimilator  
  159  11:59  Photon Cannon  
  159  12:01  Assimilator  
  159  12:02  Observer  
  159  12:09  Colossus (Chrono Boost)  
  165  12:25  High Templar x2  
  165  12:27  Photon Cannon  
  169  12:30  Photon Cannon  
  169  12:32  Gateway  
  169  12:36  Photon Cannon  
  167  12:42  Gateway  
  167  12:50  Gateway  
  167  12:52  High Templar x3  
  167  12:53  High Templar  
  167  12:54  Zealot  
  177  13:00  Warp Prism (Chrono Boost)  
  177  13:03  Gateway, Extended Thermal Lance  
  177  13:09  Fleet Beacon  
  177  13:17  High Templar  
  179  13:21  Pylon  
  179  13:24  Zealot  
  178  13:32  Probe  
  161  13:35  Zealot  
  161  13:36  Zealot x2  
  161  13:39  High Templar x3  
  163  13:44  Probe  
  163  13:47  Shield Battery  
  163  13:48  Photon Cannon x2  
  160  13:49  Photon Cannon  
  160  13:53  Probe  
  161  14:05  High Templar x2  
  161  14:08  Protoss Ground Weapons Level 3 (Chrono Boost)  
  165  14:11  Nexus  
  165  14:21  Pylon  
  165  14:23  Pylon  
  165  14:25  Protoss Air Weapons Level 1 (Chrono Boost)  
  165  14:26  Nexus  
  165  14:30  Void Ray  
  162  14:35  Stargate  
  164  14:41  Stargate  
  164  14:42  Zealot x7  
  164  14:43  Zealot x3  
  172  15:03  Shield Battery  
  172  15:05  Photon Cannon  
  166  15:08  Pylon  
  166  15:09  Void Ray  
  170  15:25  Photon Cannon  
  170  15:26  Warp Prism  
  170  15:27  Assimilator  
  172  15:28  Void Ray  
  172  15:29  Void Ray  
  172  15:31  Assimilator  
  172  15:34  Flux Vanes  
  180  15:46  Void Ray, Zealot x8  
  172  16:00  Stalker x2  
  172  16:01  Stalker  
  172  16:03  Observer  
  159  16:06  Void Ray  
  151  16:16  Zealot x6  
  151  16:17  Zealot  
  168  16:20  Void Ray (Chrono Boost)  
  152  16:34  Archon  
  130  16:42  High Templar x2  
  130  16:43  High Templar x5  
  130  16:45  Void Ray (Chrono Boost)  
  130  16:47  Archon x3  
  104  16:57  Stalker x2  
  104  16:58  Probe  
  97  17:01  Stalker  
  97  17:02  Stalker  
  93  17:15  Stalker x4  
  90  17:16  Zealot x2  
  90  17:20  Zealot  
Show
View Real Time Build Order
Export as new Build Order

Namshar Zerg - Winner!

Build Orders: Hatch First 

Get SALT Encoding   

  12  0:00  Drone  
  13  0:12  Overlord  
  13  0:16  Drone  
  14  0:30  Drone x2  
  16  0:48  Hatchery  
  15  0:51  Drone  
  15  0:55  Drone  
  17  0:58  Drone  
  18  1:09  Extractor  
  17  1:14  Spawning Pool  
  17  1:17  Drone  
  17  1:22  Drone  
  18  1:28  Drone  
  19  1:40  Drone  
  19  1:46  Hatchery  
  19  1:50  Drone  
  20  2:00  Drone x2  
  22  2:05  Queen  
  24  2:10  Zergling x2  
  24  2:15  Drone  
  26  2:21  Overlord  
  26  2:23  Metabolic Boost  
  26  2:28  Drone  
  27  2:32  Drone  
  28  2:40  Queen  
  30  2:45  Queen  
  30  2:47  Drone  
  30  2:49  Drone  
  34  2:52  Drone  
  34  2:54  Overlord  
  34  2:58  Zergling x2  
  36  3:04  Queen  
  38  3:08  Zergling x2  
  38  3:10  Drone  
  40  3:13  Zergling x2  
  41  3:20  Drone  
  41  3:21  Drone x3  
  45  3:29  Overlord x2  
  45  3:30  Drone  
  46  3:35  Queen  
  46  3:38  Drone x2  
  50  3:47  Queen  
  52  3:48  Overlord  
  52  3:50  Drone x2  
  52  3:52  Drone x2  
  56  3:56  Overlord  
  56  3:57  Drone  
  56  3:58  Drone  
  58  4:06  Extractor  
  58  4:07  Extractor, Drone x4  
  58  4:08  Drone  
  61  4:11  Spore Crawler  
  61  4:14  Drone x2  
  61  4:16  Drone  
  64  4:17  Drone  
  64  4:20  Overlord  
  63  4:26  Roach Warren  
  63  4:27  Drone x2  
  63  4:29  Drone  
  63  4:30  Drone  
  66  4:31  Drone  
  66  4:34  Drone x2  
  66  4:37  Drone x3  
  72  4:45  Overlord x2  
  72  4:46  Queen  
  73  4:55  Overlord x2  
  73  5:04  Extractor  
  73  5:05  Roach  
  73  5:06  Roach x6  
  86  5:12  Queen  
  88  5:16  Roach x3  
  94  5:21  Roach  
  94  5:22  Roach x2  
  100  5:31  Ravager x2  
  100  5:33  Overlord x3  
  103  5:35  Roach  
  103  5:36  Roach x2  
  103  5:40  Overlord, Roach x2  
  111  5:43  Queen  
  111  5:48  Ravager  
  111  5:49  Overlord x2  
  114  5:55  Extractor  
  112  5:59  Ravager  
  112  6:00  Ravager  
  112  6:01  Zergling x12  
  112  6:02  Zergling x2  
  114  6:19  Zergling x14  
  117  6:28  Zergling x8, Roach  
  117  6:30  Zergling x2  
  117  6:39  Zergling x4, Roach  
  108  6:46  Lair  
  105  6:50  Evolution Chamber  
  105  6:51  Baneling Nest, Drone  
  105  6:52  Drone x2  
  102  6:58  Queen  
  103  7:04  Drone x3  
  103  7:06  Extractor  
  105  7:11  Hatchery  
  105  7:13  Drone x3  
  107  7:16  Drone x3  
  107  7:17  Zerg Missile Weapons Level 1  
  107  7:19  Drone  
  107  7:20  Drone x2  
  113  7:23  Drone  
  113  7:29  Hatchery  
  113  7:31  Drone x2  
  113  7:34  Overlord  
  113  7:36  Roach x2  
  119  7:41  Pneumatized Carapace  
  119  7:44  Glial Reconstitution, Centrifical Hooks  
  119  7:47  Roach x5  
  129  7:54  Roach x5  
  138  8:06  Drone x3  
  138  8:10  Overseer  
  142  8:12  Drone  
  142  8:13  Drone x3  
  145  8:25  Roach  
  145  8:26  Roach x10  
  163  8:30  Overseer  
  163  8:34  Overlord x2  
  163  8:38  Overlord x2  
  163  8:40  Ravager x12  
  175  8:43  Zergling x4  
  175  8:46  Baneling x9  
  175  8:51  Zergling x12  
  175  8:54  Baneling x6  
  175  8:55  Overlord  
  181  8:56  Zergling x10  
  186  9:07  Zergling x16  
  189  9:12  Queen  
  189  9:13  Extractor  
  189  9:14  Zerg Missile Weapons Level 2  
  189  9:15  Extractor  
  188  9:21  Zergling x2  
  188  9:22  Zergling x18  
  188  9:23  Ravager x2  
  196  9:30  Zergling x10  
  177  9:40  Infestation Pit  
  177  9:43  Evolution Chamber  
  171  9:45  Zergling x12, Roach  
  171  9:46  Zergling x8  
  171  9:50  Ravager x2  
  171  9:52  Baneling x8  
  182  9:53  Zergling x12  
  177  10:00  Roach  
  177  10:01  Roach x2  
  172  10:11  Ravager  
  170  10:15  Zergling x20, Roach  
  170  10:19  Baneling x4  
  179  10:22  Zergling x2, Roach  
  179  10:23  Zergling x10  
  144  10:36  Overseer x2  
  144  10:38  Zerg Ground Armor Level 1, Hive  
  144  10:39  Drone  
  144  10:40  Drone x8  
  146  10:45  Spore Crawler, Drone x2  
  146  10:46  Drone  
  146  10:47  Spine Crawler  
  147  10:50  Spine Crawler  
  146  10:58  Spore Crawler, Spine Crawler  
  146  11:00  Spore Crawler  
  146  11:01  Spine Crawler  
  143  11:04  Drone  
  142  11:14  Roach x4  
  142  11:15  Roach x2  
  142  11:17  Drone x7  
  142  11:18  Drone  
  162  11:25  Ravager  
  162  11:26  Ravager x5  
  162  11:30  Zerg Melee Weapons Level 1, Spire  
  162  11:32  Baneling x9  
  167  11:37  Roach x3  
  167  11:39  Overseer  
  173  11:46  Queen  
  175  11:51  Zergling x20  
  175  11:53  Roach  
  175  11:54  Roach x5  
  197  12:00  Roach  
  197  12:14  Drone x8  
  199  12:18  Zergling x18, Roach x2  
  197  12:24  Spore Crawler  
  197  12:25  Spine Crawler  
  197  12:26  Spine Crawler  
  197  12:29  Drone x2  
  194  12:39  Baneling x6  
  194  12:40  Zergling x2, Baneling x10  
  194  12:41  Zergling x8  
  194  12:42  Adrenal Glands  
  194  12:43  Greater Spire  
  196  13:00  Zerg Ground Armor Level 2  
  196  13:06  Queen  
  196  13:08  Overseer  
  196  13:11  Baneling  
  196  13:12  Baneling x9  
  177  13:34  Zergling x12, Roach  
  177  13:35  Zergling x2  
  189  13:42  Zergling x4, Roach  
  199  13:48  Extractor  
  199  13:49  Extractor  
  199  13:50  Corruptor x8  
  197  13:57  Baneling x5  
  197  14:06  Zerg Flyer Weapons Level 1  
  197  14:19  Zergling x4  
  199  14:24  Hatchery  
  195  14:49  Brood Lord  
  195  14:50  Brood Lord x5  
  199  14:53  Brood Lord  
  199  14:54  Brood Lord  
  190  15:06  Zergling x32  
  198  15:33  Baneling x11  
  198  15:34  Baneling x5  
  198  15:35  Baneling x9  
  193  15:45  Zergling x2  
  193  15:46  Zergling x10  
  193  15:48  Spine Crawler  
  193  15:49  Ravager x2  
  195  15:50  Spore Crawler, Spine Crawler  
  173  15:59  Zergling x24, Roach  
  173  16:00  Zergling x6  
  173  16:02  Corruptor x8  
  189  16:12  Zergling x12  
  189  16:15  Baneling x13  
  173  16:33  Zergling x36  
  173  16:39  Queen x2  
  172  16:41  Brood Lord  
  171  16:51  Zergling x38  
  176  16:56  Zergling x2, Roach  
  173  17:11  Zergling x12  

Tags
 
Add a new tag
Caveats
  • Supply blocks, unpowered buildings, or Contaminate may cause inaccurate times.
  • Supply counts are checked every 10 seconds.